 Dungeon Crawl Stone Soup version 0.21.1-1-g345015f (webtiles) character file.

175 sking99 the Sneak (level 5, -2/28 HPs)
             Began as a Kobold Enchanter on June 23, 2018.
             Slain by Natasha (9 damage)
             ... on level 3 of the Dungeon.
             The game lasted 00:14:18 (3605 turns).

sking99 the Sneak (Kobold Enchanter)                Turns: 3605, Time: 00:14:18

Health: -2/28      AC:  3    Str:  6    XL:     5   Next: 86%
Magic:  6/9        EV: 15    Int: 17    God:
Gold:   141        SH:  0    Dex: 15    Spells: 7/10 levels left

rFire    . . .     SeeInvis .   a - +1 dagger
rCold    . . .     Gourm    .   (shield restricted)
rNeg     . . .     Faith    .   b - +0 robe
rPois    .         Spirit   .   (no helmet)
rElec    .         Reflect  .   (no cloak)
rCorr    .         Harm     .   (no gloves)
MR       .....                  h - +0 pair of boots
Stlth    +++.......             (no amulet)
HPRegen  0.09/turn              (no ring)
MPRegen  0.11/turn              (no ring)

@: no status effects
A: small, carnivore
a: no special abilities


You were on level 3 of the Dungeon.
You were completely stuffed.

You visited 1 branch of the dungeon, and saw 3 of its levels.

You collected 141 gold pieces.

Inventory:

Hand Weapons
 a - a +1 dagger (weapon)
Armour
 b - a +0 robe (worn)
 h - a +0 pair of boots (worn)
Scrolls
 e - 2 scrolls of identify
 i - a scroll of enchant armour {unknown}
 j - 2 scrolls of remove curse
 k - a scroll of fog {unknown}
 l - a scroll of fear {unknown}
Potions
 f - a potion of resistance {unknown}
Books
 c - a book of Maledictions

   Spells                             Type                      Level
   a - Corona                         Hexes                        1
   b - Ensorcelled Hibernation        Hexes/Ice                    2
   c - Confuse                        Hexes                        3
   d - Tukima's Dance                 Hexes                        3
   e - Dazzling Spray                 Conjuration/Hexes            3
Comestibles
 d - 6 rations
 m - 4 chunks of flesh


   Skills:
 - Level 2.0 Short Blades
 - Level 2.4 Dodging
 + Level 5.6 Stealth
 + Level 3.3 Spellcasting
 + Level 3.8 Hexes
 - Level 2.0 Ice Magic


You had 7 spell levels left.
You knew the following spells:

 Your Spells              Type           Power        Failure   Level  Hunger
a - Ensorcelled Hibernat  Hex/Ice        ##....       8%          2    ##.....
b - Corona                Hex            ###....      3%          1    None


Dungeon Overview and Level Annotations

Branches:
Dungeon (3/15)

Altars:
Nemelex Xobeh

Annotations:
D:3 Natasha


Innate Abilities, Weirdness & Mutations

You are small and have problems with some larger weapons.
You are carnivorous and can eat meat at any time.


Message History

Natasha is moderately wounded.
Natasha closely misses you.
You hit Natasha but do no damage.
Natasha is moderately wounded.
Natasha mumbles some strange words.
You hit Natasha.
Natasha is heavily wounded.
Natasha zaps a wand.
The puff of flame hits you!
You barely miss Natasha.
Natasha is heavily wounded.
Natasha zaps a wand.
The puff of flame hits you!
* * * LOW HITPOINT WARNING * * *
Casting: Ensorcelled Hibernation
Confirm with . or Enter, or press ? or * to list all spells.
Aiming: Ensorcelled Hibernation
Press: ? - help, Shift-Dir - straight line, f/p - Natasha
Aim: Natasha, carrying a wand of flame (34) (heavily wounded, chance to defeat MR: 43%) Natasha resists with some effort.
The crimson imp barely misses you. Natasha claws you!
You die...

#..)(# ..####
#.....# .##
#.....# .#
#.....# .#
#.....# .#
#.....#### .#
#####....%...#
##
..(...5h.....#
#. #..@.....#
.. #........#
###.###### #.#
#<# #.# #.#
#.# #.#


You could see Natasha and a crimson imp.

Vanquished Creatures
  Natasha (D:3)
  5 adders
  2 oozes
  2 worms (D:2)
  3 dart slugs (D:1)
  4 leopard geckos
  5 orcs (D:3)
  7 bats
  3 giant cockroaches
  9 goblins
  9 hobgoblins
  6 jackals
  6 kobolds
  A quokka (D:2)
  2 ball pythons (D:1)
  3 frilled lizards
  9 rats
77 creatures vanquished.

Notes
Turn   | Place    | Note
-------+----------+-------------------------------------------
     0 | D:1      | sking99 the Kobold Enchanter began the quest for the Orb.
     0 | D:1      | Reached XP level 1. HP: 10/10 MP: 3/3
   295 | D:1      | Reached XP level 2. HP: 15/15 MP: 5/5
   310 | D:1      | Learned a level 2 spell: Ensorcelled Hibernation
   838 | D:1      | Reached XP level 3. HP: 19/19 MP: 1/6
  1107 | D:1      | Reached skill level 1 in Ice Magic
  1595 | D:2      | Reached XP level 4. HP: 24/24 MP: 4/7
  1757 | D:2      | Reached skill level 5 in Stealth
  2092 | D:2      | Found a sparkling altar of Nemelex Xobeh.
  2211 | D:2      | Reached XP level 5. HP: 28/28 MP: 4/9
  2896 | D:3      | Noticed Natasha
  2912 | D:3      | Killed Natasha
  3590 | D:3      | Noticed Natasha
  3605 | D:3      | Slain by Natasha

Skill      XL: |  1  2  3  4  5 |
---------------+----------------+-----
Short Blades   | 2 |  2.0
Ice Magic      | 1 2 |  2.0
Stealth        | 5 |  5.6
Spellcasting   | 3 |  3.3
Dodging        | |  2.4
Hexes          | |  3.8

Action                   |  1- 3 |  4- 6 || total
-------------------------+-------+-------++-------
Melee: Dagger            |   124 |   142 ||   266
 Cast: Corona            |     3 |       ||     3
       Ensorcelled Hiber |    22 |    45 ||    67
  Use: Scroll            |       |     2 ||     2
       Potion            |       |     2 ||     2
 Stab: Sleeping          |    18 |    32 ||    50
  Eat: Chunk             |    12 |     9 ||    21
Armor: Robe              |    19 |    29 ||    48
Dodge: Dodged            |   111 |   126 ||   237
